 Dungeon Crawl Stone Soup version 0.24-a0-439-g6dd8730de2 (webtiles) character file.

Game seed: 2882481289072386442

172 nikopol the Magician (level 5, -1/28 HPs)
             Began as a Deep Elf Fire Elementalist on June 17, 2019.
             Was an Initiate of Vehumet.
             Killed by miscasting Sticky Flame (29 damage)
             ... on level 4 of the Dungeon.
             The game lasted 00:07:58 (3393 turns).

nikopol the Magician (Deep Elf Fire Elementalist)   Turns: 3393, Time: 00:07:58

Health: -1/28      AC:  2    Str:  5    XL:     5   Next: 27%
Magic:  6/13       EV: 13    Int: 21    God:    Vehumet [......]
Gold:   181        SH:  0    Dex: 15    Spells: 3/13 levels left

rFire    . . .     SeeInvis .   (no weapon)
rCold    . . .     Gourm    .   (no shield)
rNeg     + . .     Faith    .   a - +0 robe
rPois    .         Spirit   .   (no helmet)
rElec    .         Reflect  .   (no cloak)
rCorr    .         Harm     .   (no gloves)
MR       +....                  (no boots)
Stlth    ++........             (no amulet)
HPRegen  0.09/turn              s - ring of positive energy
MPRegen  0.13/turn              f - ring of protection from magic

@: very slightly contaminated
A: no striking features
a: Renounce Religion


You were on level 4 of the Dungeon.
You worshipped Vehumet.
Vehumet was noncommittal.
You were not hungry.

You visited 1 branch of the dungeon, and saw 4 of its levels.

You collected 181 gold pieces.

Inventory:

Armour
 a - a +0 robe (worn)
Jewellery
 d - an uncursed ring of see invisible
 f - a ring of protection from magic (right hand)
 s - a ring of positive energy (left hand)
 t - a +2 amulet of reflection {unknown}
Scrolls
 j - a scroll of magic mapping
 k - a scroll of remove curse
 l - 2 scrolls of amnesia
 m - 2 scrolls of enchant armour {unknown}
 n - 2 scrolls of teleportation {unknown}
 r - 2 scrolls of fog {unknown}
 u - a scroll of identify
Potions
 b - a potion of invisibility {unknown}
 e - a potion of magic {unknown}
 g - 2 potions of mutation
 h - 2 potions of agility
 i - a potion of cancellation {unknown}
 o - a potion of resistance {unknown}
 p - 2 potions of ambrosia
 v - a potion of berserk rage {unknown}
Comestibles
 c - 6 rations
 q - a chunk of flesh


   Skills:
 + Level 2.6 Dodging
 + Level 3.1 Stealth
 + Level 4.6 Spellcasting
 + Level 3.0 Conjurations
 + Level 4.6 Fire Magic


You had 3 spell levels left.
You knew the following spells:

 Your Spells              Type           Power        Failure   Level  Hunger
a - Flame Tongue          Conj/Fire      ###..        2%          1    None
b - Throw Flame           Conj/Fire      ###...       3%          2    #......
c - Conjure Flame         Conj/Fire      ###.....     7%          3    ##.....
d - Sticky Flame          Conj/Fire      ###.....     22%         4    ####...

Your spell library contained the following spells:

 Spells                   Type           Power        Failure   Level  Hunger
 Inner Flame              Hex/Fire       ##......     13%         3    ##.....
 Fireball                 Conj/Fire      ###.......   54%         5    ######.


Dungeon Overview and Level Annotations

Branches:
Dungeon (4/15)
 Temple: D:4-7

Altars:
Fedhas
Gozag
Kikubaaqudgha
Vehumet
The Shining One

Annotations:
D:3 exclusion: oklob plant


Message History

Aiming: Flame Tongue (safe; 2% risk of failure)
Press: ? - help, Shift-Dir - straight line, f/p - hound
Aim: a hound (heavily wounded)
The flame tongue misses the hound.
The hound misses you.
Casting: Flame Tongue (safe; 2% risk of failure)
Confirm with . or Enter, or press ? or * to list all spells.
Aiming: Flame Tongue (safe; 2% risk of failure)
Press: ? - help, Shift-Dir - straight line, f/p - hound
Aim: a hound (heavily wounded)
The flame tongue misses the hound.
The hound completely misses you.
Casting: Flame Tongue (safe; 2% risk of failure)
Confirm with . or Enter, or press ? or * to list all spells.
Aiming: Sticky Flame (slightly dangerous; 22% risk of failure)
Press: ? - help, Shift-Dir - straight line, f/p - hound
Aim: a hound (heavily wounded)
You miscast Sticky Flame.
You are very lightly contaminated with residual magic.
You are caught in a fiery explosion!
The explosion engulfs you!!
Ouch! That really hurt!
You die...

#............'.....
#............#.(...
...######.....#...##
...+....#.....#####
....#....#.....#
#....#.....#
#....#.....#
#####+##....'.....#
#...!.h@....#.....#
#.....##....#.....#
#.... #....#.....#
#... #....+.....#
#.. #....#.....# #.
.....#.....# #
##....#.....# ######


You could see a hound.

Vanquished Creatures
  A bullfrog skeleton (D:3)
  Robin (D:2)
  4 adders
  An ooze (D:2)
  2 worms
  3 leopard geckos
  11 bats
  4 giant cockroaches
  20 goblins
  9 hobgoblins
  2 jackals (D:1)
  3 quokkas (D:2)
  3 frilled lizards
  9 kobolds
  6 rats
79 creatures vanquished.

Notes
Turn   | Place    | Note
-------+----------+-------------------------------------------
     0 | D:1      | nikopol the Deep Elf Fire Elementalist began the quest for
                  | the Orb.
     0 | D:1      | Reached XP level 1. HP: 10/10 MP: 6/6
   309 | D:1      | Reached XP level 2. HP: 15/15 MP: 6/8
  1231 | D:2      | Reached XP level 3. HP: 19/19 MP: 5/10
  1528 | D:2      | Noticed Robin
  1544 | D:2      | Reached XP level 4. HP: 24/24 MP: 8/12
  1551 | D:2      | Killed Robin
  1733 | D:2      | Found an ancient bone altar of Kikubaaqudgha.
  1755 | D:2      | Learned a level 2 spell: Throw Flame
  1759 | D:2      | Learned a level 3 spell: Conjure Flame
  1764 | D:2      | Learned a level 4 spell: Sticky Flame
  2578 | D:3      | Found a radiant altar of Vehumet.
  2582 | D:3      | Became a worshipper of Vehumet
  2643 | D:3      | Found a glowing golden altar of the Shining One.
  2655 | D:3      | Reached XP level 5. HP: 15/28 MP: 3/13
  2823 | D:3      | Found a blossoming altar of Fedhas.
  2837 | D:3      | Noticed an oklob plant
  2967 | D:3      | Found an opulent altar of Gozag.
  3393 | D:4      | Killed by miscasting Sticky Flame

Levels and vault maps discovered:
D:1:      saegor_arrival_simple_e, layout_basic, hangedman_abyss_or_decor_stabs,
          st_stairs_6
D:2:      layout_loops_ring, kiku_gazebo_garden_becter, minmay_diced_spiral,
          uniq_robin
D:3:      layout_loops_ring, tso_metal_star, overflow_temple_1_default,
          vehumet_crystals, tgw_fedhas
D:4:      layout_gridville, trog_eyes_of_draining, first_ration

Skill      XL: |  1  2  3  4  5 |
---------------+----------------+-----
Fire Magic     | 4 |  4.6
Spellcasting   | 4 |  4.6
Conjurations   | 2 3 |  3.0
Stealth        | 3 |  3.1
Dodging        | |  2.6

Action                   |  1- 3 |  4- 6 || total
-------------------------+-------+-------++-------
 Cast: Flame Tongue      |    66 |    78 ||   144
       Sticky Flame      |       |     1 ||     1
  Use: Scroll            |       |     6 ||     6
  Eat: Chunk             |     2 |     6 ||     8
Armor: Robe              |     4 |     1 ||     5
Dodge: Dodged            |    17 |    17 ||    34

Table legend:
 A = Non-vault XP
 B = Vault XP
 C = Vault XP percentage of total XP
 D = Non-vault monster count
 E = Vault monster count
 F = Vault count percentage of total count
                 A         B        C        D         E       F
            +---------+---------+-------+---------+---------+-------
      Total |     171 |      76 |  30.8 |      59 |      20 |  25.3
            +---------+---------+-------+---------+---------+-------
        D:1 |      21 |       5 |  19.2 |      12 |       3 |  20.0
        D:2 |      66 |      71 |  51.8 |      28 |      17 |  37.8
        D:3 |      82 |       0 |   0.0 |      18 |       0 |   0.0
        D:4 |       2 |       0 |   0.0 |       1 |       0 |   0.0
            +---------+---------+-------+---------+---------+-------
